AoeStats
← Hardware

Black Forest

510876123Analyzed
3v3 RM · 8h ago on Oct 2, 2026· 51m 5s· 6 players
Game mode
Random Map
Map size
Normal (6 player)
Population
200
Speed
Normal
Resources
Standard
Victory
Conquest
Starting age
Dark Age
Ending age
Imperial Age
RankedLock teamsTeams togetherTeam positionsShared explorationLock speedFull tech treeHidden civsTurbo modeCheats
Victory
Defeat
🇹🇷 Ethiopians · Türkiye
1027
+12
🇹🇷 Britons · Türkiye
859
+18
🇹🇷 Khmer · Türkiye
850
+18
🇨🇭 Danes · Switzerland
921
-16
🇦🇺 Dravidians · Australia
919
-16
🇨🇭 Saracens · Switzerland
914
-16
Hardware
0:33 Loom
12:51 Feudal Age
18:09 Castle Age
17:07 Man-at-Arms
17:36 Double-Bit Axe
28:05 Elite Skirmisher
30:06 Horse Collar
30:42 Bow Saw
30:15 Long Swordsman
30:40 Gambesons
34:41 Imperial Age
34:23 Wheelbarrow
34:21 Forging
34:15 Scale Mail Armor
34:49 Two-Handed Swordsman
36:49 Two-Man Saw
37:12 Iron Casting
36:55 Chain Mail Armor
37:25 Ballistics
37:06 Gold Mining
37:10 Stone Mining
37:46 Elite Longbowman
38:38 Padded Archer Armor
38:32 Fletching
40:44 Chemistry
40:50 Blast Furnace
40:40 Hand Cart
41:13 Leather Archer Armor
40:56 Bodkin Arrow
41:36 Onager
42:40 Champion
43:23 Cavalier
44:04 Husbandry
44:38 Plate Mail Armor
44:42 Ring Archer Armor
43:46 Light Cavalry
45:08 Bracer
45:16 Scale Barding Armor
49:18 Chain Barding Armor
49:57 Town Watch
50:51 Plate Barding Armor
49:41 Crossbowman
MASON GREENWOOD
0:34 Loom
12:05 Feudal Age
13:16 Double-Bit Axe
13:15 Horse Collar
16:06 Castle Age
17:25 Bow Saw
17:54 Heavy Plow
18:50 Wheelbarrow
24:38 Hand Cart
25:27 Fletching
25:37 Padded Archer Armor
26:08 Bodkin Arrow
27:04 Leather Archer Armor
26:26 Crossbowman
31:09 Imperial Age
28:52 Gold Mining
29:39 Thumb Ring
31:25 Ballistics
31:16 Masonry
31:13 Arbalester
32:24 Ring Archer Armor
31:54 Bracer
33:04 Chemistry
32:15 Masonry
33:12 Scale Mail Armor
33:46 Torsion Engines
34:30 Gold Shaft Mining
35:48 Architecture
35:15 Murder Holes
35:20 Onager
36:07 Scale Barding Armor
37:21 Husbandry
36:41 Light Cavalry
37:46 Chain Barding Armor
37:38 Forging
38:30 Hussar
40:18 Iron Casting
45:38 Blast Furnace
berber hikmet
0:48 Loom
15:10 Feudal Age
16:47 Wheelbarrow
16:11 Double-Bit Axe
16:42 Horse Collar
25:03 Castle Age
23:00 Stone Mining
26:54 Hand Cart
27:02 Bow Saw
26:57 Heavy Plow
26:46 Elite Skirmisher
28:04 Gold Mining
29:48 Gold Shaft Mining
30:46 Stone Shaft Mining
30:59 Padded Archer Armor
37:05 Imperial Age
36:41 Scale Mail Armor
36:35 Fletching
37:06 Forging
38:28 Crop Rotation
39:07 Chemistry
38:28 Ballistics
37:39 Elite Ballista Elephant
38:42 Conscription
38:23 Pikeman
40:37 Halberdier
44:18 Scale Barding Armor
44:28 Chain Mail Armor
44:29 Leather Archer Armor
44:05 Fletching
44:26 Forging
45:35 Chain Barding Armor
48:27 Ring Archer Armor
47:53 Bodkin Arrow
abdallah.shoukor1997
0:34 Loom
12:04 Feudal Age
16:50 Castle Age
16:24 Stone Mining
20:44 Double-Bit Axe
22:05 Horse Collar
26:18 Wheelbarrow
27:08 Squires
28:06 Hamask
29:50 Hand Cart
30:27 Heavy Plow
35:29 Imperial Age
33:37 Scale Mail Armor
33:48 Forging
34:00 Gold Mining
35:37 Chain Mail Armor
35:58 Iron Casting
35:49 Gambesons
35:50 Arson
36:00 Elite Jomsviking
37:01 Conscription
37:28 Bow Saw
36:52 Onager
38:39 Town Watch
39:31 Siege Engineers
40:27 Chemistry
39:09 Northmen's Fury
41:09 Plate Mail Armor
41:39 Blast Furnace
41:42 Siege Onager
MexMex1768
0:36 Loom
12:42 Feudal Age
13:13 Double-Bit Axe
20:10 Castle Age
19:02 Horse Collar
21:49 Forging
21:53 Bow Saw
21:47 Heavy Plow
25:20 Stone Mining
25:31 Man-at-Arms
26:25 Long Swordsman
28:55 Squires
29:33 Iron Casting
36:58 Imperial Age
35:19 Scale Mail Armor
36:00 Gambesons
36:54 Fletching
37:16 Medical Corps
36:48 Elite Skirmisher
38:33 Padded Archer Armor
39:11 Conscription
38:16 Elite Urumi Swordsman
40:11 Bodkin Arrow
42:10 Leather Archer Armor
44:23 Chemistry
ali.k.baajour
2:23 Loom
11:44 Feudal Age
17:46 Castle Age
15:42 Stone Mining
15:44 Horse Collar
17:18 Double-Bit Axe
20:43 Heavy Plow
20:56 Bow Saw
20:47 Gold Mining
27:08 Husbandry
27:20 Bloodlines
27:45 Forging
31:52 Imperial Age
30:33 Iron Casting
32:17 Wheelbarrow
31:28 Town Watch
39:07 Onager
41:40 Two-Man Saw
41:15 Gold Shaft Mining
41:05 Siege Onager
43:57 Chemistry
43:17 Ballistics
43:03 Siege Engineers
43:38 Siege Engineers
43:54 Ballistics
44:02 Siege Onager
45:23 Murder Holes
45:52 Elite Mameluke
46:51 Counterweights
Connection lost

Rejoining the realm…

Still unreachable

The connection could not be restored.

Session expired

The server has moved on; the page needs a fresh start.